 Dungeon Crawl Stone Soup version 0.17-a0-1404-gb8113a6 (webtiles) character file.

167 wvc the Twirler (level 5, 0/38 HPs)
             Began as a Mummy Gladiator on June 21, 2015.
             Was a Follower of Ashenzari.
             Slain by Crazy Yiuf
             ... wielding a +4 quarterstaff of chaos
              (13 damage)
             ... on level 2 of the Dungeon.
             The game lasted 00:05:14 (1923 turns).

wvc the Twirler (Mummy Gladiator)                   Turns: 1923, Time: 00:05:14

Health: 0/38       AC:  6    Str: 19    XL:     5   Next: 23%
Magic:  5/5        EV: 11    Int:  8    God:    Ashenzari [*.....]
Gold:   138        SH:  0    Dex: 12    Spells: 0 memorised, 4 levels left

rFire  . . .     SeeInvis .     a - +1 quarterstaff (curse)
rCold  . . .     Clarity  .     f - +0 ring mail (curse)
rNeg   + + +     SustAt   .     (no shield)
rPois  ∞         Gourm    .     c - +0 helmet (curse)
rElec  .         Spirit   .     (no cloak)
rCorr  .         Warding  .     (no gloves)
rMut   .         Stasis   .     (no boots)
MR     .....                    j - amulet of regeneration
Stlth  +.........               (no ring)
                                g - ring of fire

@: not resistant to hostile enchantments, very unstealthy
A: no food or potions, fire vulnerability, cold resistance 1, negative energy
resistance 3, torment resistance, unbreathing
a: Renounce Religion


You were on level 2 of the Dungeon.
You worshipped Ashenzari.
Ashenzari was aware of your devotion.
You were not hungry.

You visited 1 branch of the dungeon, and saw 3 of its levels.

You collected 138 gold pieces.

Inventory:

Hand weapons
 a - a cursed +1 quarterstaff (weapon)
Missiles
 b - 8 javelins
 d - 3 throwing nets (quivered)
Armour
 c - a cursed +0 helmet (worn)
 f - a cursed +0 ring mail (worn)
Jewellery
 g - a ring of fire (left hand)
 j - an amulet of regeneration (around neck)
Scrolls
 e - a scroll of curse armour
 h - 3 scrolls of identify
 i - a scroll of remove curse
 k - a scroll of enchant weapon


   Skills:
 - Level 2.0 Fighting
 * Level 4.8 Staves
 - Level 1.5 Throwing
 + Level 0.8 Armour
 - Level 2.4 Dodging


You had 4 spell levels left.
You didn't know any spells.

Dungeon Overview and Level Annotations

Branches:
Dungeon (3/15)

Altars:
Ashenzari
Elyvilon

Annotations:
D:2 Crazy Yiuf


Innate Abilities, Weirdness & Mutations

You do not eat or drink.
Your flesh is vulnerable to fire.
You are immune to poison.
Your flesh is cold resistant.
You are immune to negative energy.
You are immune to unholy pain and torment.
You can survive without breathing.


Message History

Crazy Yiuf is lightly wounded.
Crazy Yiuf yells, "Cod!
Key aubergine hand."
Crazy Yiuf hits you with a quarterstaff of chaos.
You convulse.
You hit Crazy Yiuf.
Crazy Yiuf is moderately wounded.
You closely miss Crazy Yiuf.
Crazy Yiuf is moderately wounded.
Crazy Yiuf barely misses you.
You sock Crazy Yiuf!
Crazy Yiuf is severely wounded.
Crazy Yiuf hits you with a quarterstaff of chaos!
Crazy Yiuf burns you.
You hit Crazy Yiuf.
Crazy Yiuf is almost dead.
Crazy Yiuf barely misses you.
You hit Crazy Yiuf.
Crazy Yiuf is almost dead.
Crazy Yiuf hits you with a quarterstaff of chaos!
You die...

..##...................###......#
.########............(.........##
.# ###................>..... .#
####..#.....#.......... .#
####...........#......... ##
#........................ #
##......(.........#..#..#. #
##.......##†.........###.g.
##.........@g.........<.l###
####......#.#.####.............
#........(..#.#................
##..####.#.##....##.##..##......
##....†...#..........##..........
....####÷.)...#..................
..................#.##.###.......
.#######............##.# #.......
.##########.##...%.....# #.......


You could see Crazy Yiuf.

Vanquished Creatures
  Ijyb (D:2)
  A worker ant (D:3)
  6 adders
  An ooze (D:1)
  2 worms (D:2)
  An adder skeleton (D:3)
  3 orcs
  10 bats
  5 giant cockroaches
  4 goblins
  3 hobgoblins
  2 giant newts (D:2)
  7 kobolds
  5 rats
51 creatures vanquished.

Vanquished Creatures (others)
  A fungus (D:3)
1 creature vanquished.

Grand Total: 52 creatures vanquished

Notes
Turn   | Place    | Note
--------------------------------------------------------------
     0 | D:1      | wvc the Mummy Gladiator began the quest for the Orb.
     0 | D:1      | Reached XP level 1. HP: 16/16 MP: 1/1
   142 | D:1      | Found a shattered altar of Ashenzari.
   156 | D:1      | Became a worshipper of Ashenzari the Shackled
   454 | D:1      | Reached skill level 3 in Staves
   454 | D:1      | Reached XP level 2. HP: 17/22 MP: 2/2
   937 | D:2      | Noticed Ijyb
   946 | D:2      | Reached XP level 3. HP: 23/27 MP: 3/3
   960 | D:2      | Killed Ijyb
  1183 | D:2      | Reached skill level 4 in Staves
  1235 | D:2      | Reached XP level 4. HP: 14/33 MP: 4/4
  1419 | D:2      | Found a white marble altar of Elyvilon.
  1750 | D:3      | Reached XP level 5. HP: 34/38 MP: 5/5
  1780 | D:3      | Noticed Crazy Yiuf
  1923 | D:2      | Slain by Crazy Yiuf

Vault maps used:
D:1:      roderic_crossed_star, ashenzari_altar_1
D:2:      lemuel_doored_altar, uniq_iyjb
D:3:      uniq_crazy_yiuf_cottage

Action                   |  1- 3 |  4- 6 || total
-------------------------+-------+-------++-------
Melee: Quarterstaff      |    85 |   106 ||   191
  Use: Scroll            |     5 |     1 ||     6
